 Dungeon Sprint DCSS version 0.30.1-4-g462c640d31 (webtiles) character file.

Game seed: 15205882220883909564

13433 Heoruswealwe the Brawler (level 11, -2/101 (127) HPs)
             Began as a Troll Berserker on Sept 9, 2023.
             Was the Champion of Trog.
             Killed by divine providence
             ... invoked by a meliai
              (14 damage)
             ... in the Dungeon (Sprint I: "Red Sonja").
             The game lasted 00:29:48 (1477 turns).

Heoruswealwe the Brawler (Troll Berserker)          Turns: 1477, Time: 00:29:49

HP:   -2/101 (127)  AC:  5    Str: 31    XL:     11   Next: 75%
MP:   1/20          EV: 10    Int:  3    God:    Trog [******]
Gold: 207           SH:  0    Dex:  9    Spells: 10/10 levels left

rFire   . .          .
                       - Unarmed
rCold   . . .        c - orb {light}
rNeg    . . .        b - +0 animal skin
rPois   .            (helmet restricted)
rElec   .            e - +0 cloak {Will+}
rCorr   .            (gloves unavailable)
SInv    .            (boots unavailable)
Will    +....        (no amulet)
Stlth   +            (no ring)
HPRegen 1.16/turn    (no ring)
MPRegen 0.17/turn

%: no teleportation
@: glowing, heavily drained
A: large, unfitting armour, claws 3, regeneration 1, shaggy fur 1, tough skin 1
a: Renounce Religion, Berserk, Trog's Hand, Brothers in Arms


You were in the Dungeon.
You worshipped Trog.
Trog was exalted by your worship.
You visited 1 branch You collected 1665 gold pieces.
You spent 1458 gold pieces at shops.

Inventory:

Hand Weapons
 a - the +8 quarterstaff of Unreason {heavy, Drain rElec rPois rF+}
   (Trog gifted it to you in the Dungeon)

   rF:        It protects you from fire.
   rElec:     It insulates you from electricity.
   rPois:     It protects you from poison.
   Drain:     It drains your maximum health when unequipped.
Armour
 b - a +0 animal skin (worn)
 c - an orb of light (worn)
 e - a +0 cloak of willpower (worn)
Wands
 d - a wand of paralysis (1)
 h - a wand of polymorph (2)
Scrolls
 f - 2 scrolls of identify
 g - a scroll of blinking
 l - a scroll of enchant weapon
 q - 2 scrolls of amnesia
 t - a scroll of fog
 v - a scroll of silence
Potions
 i - a potion of mutation
 j - 4 potions of curing
 r - 2 potions of heal wounds
 s - 2 potions of resistance
 u - a potion of berserk rage


   Skills:
 + Level 13.1 Fighting
 - Level 2.4 Dodging
 * Level 20.9 Unarmed Combat
 + Level 13.9 Invocations


You had 10 spell levels left.
You didn't know any spells.
Your spell library was empty.

Dungeon Overview and Level Annotations

Branches:
Dungeon (1/1)

Altars:
Cheibriados
Dithmenos
Elyvilon
Fedhas
Gozag
Hepliaklqana
Kikubaaqudgha
Makhleb
Nemelex Xobeh
Okawaru
Qazlal
Ru
Sif Muna
Trog
Uskayaw
Vehumet
Wu Jian
Xom
Yredelemnul
Zin
The Shining One
Jiyva
Lugonu

Shops:
D *[[[(([?:?:=((**?[?[[


Innate Abilities, Weirdness & Mutations

You are too large for most types of armour.
You have claws for hands.
Your natural rate of healing is unusually fast.
You are covered in fur. (AC +1)
You have tough skin. (AC +1)


Message History

You see here a +0 mace.
You open the door.
Found a scroll of identify.
There is an open door here.
f - 2 scrolls of identify (gained 1)
There is an open door here.
Okay, then.
You start resting.
HP restored.
You open the door.
A meliai comes into view. It is wielding a +0 war axe.
You hear a chilling moan.
Found 162 gold pieces.
There is an open door here.
You close the door.
Something hits you!!
You feel your power leaking away.
Deactivating autopickup; reactivate with Ctrl-A.
You feel drained.
You are now empty-clawed.
Something hits you but does no damage.
Keep equipping yourself?
You start putting on your armour.
You continue putting on your orb of light.
The meliai invokes the aid of its god against you.
Something smites you! Something hits you!!
You feel your power leaking away.
You continue putting on your orb of light.
Something hits you!!
You feel your power leaking away.
You continue putting on your orb of light.
Something hits you!
* * * LOW HITPOINT WARNING * * *
You continue putting on your orb of light.
Something hits you!
* * * LOW HITPOINT WARNING * * *
You finish putting on your orb of light.
A lorocyproca comes into view.
You open the door.
The meliai mumbles some strange prayers to its god against you.
Something smites you!
You die...

################################
#__#..')..#?(#§§§§§§§..§.+†.#..+
'..'..#)..##'#§####..§..##..'..#
#__####..)'..#.#?###...#######+#
####.!#####..+§#'#$###+#
#§~§§§#..##+####@.$#y#
+§~§§§+..#.....#2.$###
#~~§§.#..#.○)○.+..$$$#
##+#####'###...#.....#
#(..)###.+.#...###++##
##'###(###.#°○## .....'.∩##§#.○#
##########.##'# #.......##.##.#


You could see a lorocyproca (invisible) and a meliai.

Vanquished Creatures
  A hydra (D)
  2 centaur warriors (D)
  Sonja (D)
  A deep troll (D)
  A lindwurm (D)
  An oklob plant (D)
  4 demonic crawlers (D)
  A gargoyle (D)
  2 kobold demonologists (D)
  2 unseen horrors (D)
  A hornet (D)
  A slime creature (D)
  Sigmund (D)
  A yak (D)
  13 hogs (D)
  2 redbacks (D)
  3 floating eyes (D)
  An ogre (D)
  7 necrophages (D)
  8 jellies (D)
  Ijyb (D)
55 creatures vanquished.

Vanquished Creatures (collateral kills)
  8 shining eyes (D)
  4 floating eyes (D)
12 creatures vanquished.

Vanquished Creatures (others)
  2 ballistomycete spores (D)
2 creatures vanquished.

Grand Total: 69 creatures vanquished

Notes
Turn   | Place    | Note
-------+----------+-------------------------------------------
     0 | D        | Heoruswealwe the Troll Berserker began the quest for the
                  | Orb.
     0 | D        | Reached XP level 1. HP: 22/22 MP: 0/0
     1 | D        | Noticed Ijyb
    48 | D        | Killed Ijyb
    49 | D        | Reached skill level 5 in Unarmed Combat
    49 | D        | Reached XP level 2. HP: 24/31 MP: 0/2
    71 | D        | Noticed an ogre
    75 | D        | Killed an ogre
    76 | D        | Reached skill level 7 in Unarmed Combat
    76 | D        | Reached XP level 3. HP: 16/40 MP: 2/4
    76 | D        | Reached XP level 4. HP: 20/49 MP: 2/5
   103 | D        | Noticed Sigmund
   109 | D        | Killed Sigmund
   109 | D        | Reached ** piety under Trog
   110 | D        | Reached skill level 5 in Fighting
   110 | D        | Reached skill level 9 in Unarmed Combat
   110 | D        | Reached skill level 5 in Invocations
   110 | D        | Reached XP level 5. HP: 59/59 MP: 5/8
   110 | D        | Reached XP level 6. HP: 67/67 MP: 5/9
   121 | D        | Found an ornate altar of the Wu Jian Council.
   121 | D        | Found a shimmering blue altar of Sif Muna.
   123 | D        | Found a radiant altar of Vehumet.
   156 | D        | Found Geruhe's Antique Armour Emporium.
   156 | D        | Found an ancient bone altar of Kikubaaqudgha.
   156 | D        | Found a hazy altar of Hepliaklqana.
   156 | D        | Found a stormy altar of Qazlal.
   156 | D        | Found a hide-covered altar of Uskayaw.
   156 | D        | Found a blossoming altar of Fedhas.
   156 | D        | Found a bloodstained altar of Trog.
   156 | D        | Found an iron altar of Okawaru.
   156 | D        | Found a basalt altar of Yredelemnul.
   156 | D        | Found a glowing golden altar of the Shining One.
   156 | D        | Found a snail-covered altar of Cheibriados.
   156 | D        | Found a sacrificial altar of Ru.
   156 | D        | Found a glowing silver altar of Zin.
   156 | D        | Found a shadowy altar of Dithmenos.
   156 | D        | Found a white marble altar of Elyvilon.
   156 | D        | Noticed a yak
   160 | D        | Killed a yak
   161 | D        | Reached skill level 10 in Unarmed Combat
   161 | D        | Found an opulent altar of Gozag.
   162 | D        | Found a sparkling altar of Nemelex Xobeh.
   166 | D        | Bought an embroidered scarf for 184 gold pieces
   181 | D        | Found a burning altar of Makhleb.
   181 | D        | Found a viscous altar of Jiyva.
   181 | D        | Found a shimmering altar of Xom.
   181 | D        | Found a corrupted altar of Lugonu.
   181 | D        | Noticed a slime creature
   188 | D        | Killed a slime creature
   188 | D        | Reached *** piety under Trog
   189 | D        | Reached skill level 11 in Unarmed Combat
   189 | D        | Reached XP level 7. HP: 72/78 MP: 9/11
   211 | D        | Noticed a centaur warrior
   211 | D        | Noticed a centaur warrior
   220 | D        | Killed a centaur warrior
   221 | D        | Reached skill level 13 in Unarmed Combat
   221 | D        | Reached XP level 8. HP: 52/88 MP: 11/13
   229 | D        | Killed a centaur warrior
   230 | D        | Reached skill level 14 in Unarmed Combat
   242 | D        | Noticed a hornet
   250 | D        | Paralysed by a hornet for 1 turns
   251 | D        | Killed a hornet
   321 | D        | Noticed an oklob plant
   326 | D        | Killed an oklob plant
   326 | D        | Reached **** piety under Trog
   327 | D        | Reached skill level 15 in Unarmed Combat
   327 | D        | Reached XP level 9. HP: 53/98 MP: 15/15
   392 | D        | Noticed a deep troll
   399 | D        | Killed a deep troll
   400 | D        | Reached skill level 10 in Invocations
   411 | D        | Found Bellatwiava's Armour Emporium.
   494 | D        | Reached skill level 10 in Fighting
   494 | D        | Reached skill level 16 in Unarmed Combat
   501 | D        | Reached ***** piety under Trog
   514 | D        | Identified the +8 quarterstaff of Unreason {heavy, Drain
                  | rElec rPois rF+} (Trog gifted it to you in the Dungeon)
   514 | D        | Received a gift from Trog
   542 | D        | Received a gift from Trog
   566 | D        | Found Otuiru's Armour Boutique.
   566 | D        | Found Ykkarphe's Armour Emporium.
   566 | D        | Found Culom's Magic Scroll Emporium.
   568 | D        | Found Exto's Magic Scroll Boutique.
   568 | D        | Found Alut's General Store.
   568 | D        | Found Geroak's Assorted Antiques.
   568 | D        | Found Weinuerch's Antique Weapon Emporium.
   568 | D        | Found Qagacw's Antique Weapon Boutique.
   568 | D        | Found Antab's Jewellery Shoppe.
   568 | D        | Found Gathukir's Book Shop.
   572 | D        | Found Qominos's Magic Scroll Emporium.
   573 | D        | Found Bucar's Book Boutique.
   573 | D        | Found Conieca's Magic Scroll Shoppe.
   574 | D        | Found Petuoggi's Antique Armour Shop.
   575 | D        | Bought a scroll labelled GALLAI ODOAHO for 18 gold pieces
   575 | D        | Bought a scroll labelled ISTRET KEILYS for 18 gold pieces
   575 | D        | Bought a potion of curing for 54 gold pieces
   575 | D        | Bought a scroll labelled NOTYEPTUEG for 18 gold pieces
   575 | D        | Bought a scroll labelled NOTYEPTUEG for 18 gold pieces
   575 | D        | Bought a bubbling sapphire potion for 16 gold pieces
   584 | D        | Bought an embroidered cloak for 202 gold pieces
   646 | D        | Noticed Sonja
   652 | D        | Killed Sonja
   653 | D        | Reached skill level 17 in Unarmed Combat
   653 | D        | Reached XP level 10. HP: 101/111 MP: 17/17
   782 | D        | Found Ega Omong's General Store.
   797 | D        | Noticed a shining eye
   797 | D        | Noticed a shining eye
   797 | D        | Noticed a shining eye
   798 | D        | Noticed a shining eye
   799 | D        | Killed a shining eye
   803 | D        | Paralysed by a floating eye for 3 turns
   805 | D        | Noticed a shining eye
   806 | D        | Killed a shining eye
   808 | D        | Killed a shining eye
   810 | D        | Killed a shining eye
   810 | D        | Reached ****** piety under Trog
   811 | D        | Reached skill level 18 in Unarmed Combat
   812 | D        | Killed a shining eye
   815 | D        | Noticed a shining eye
   828 | D        | Killed a shining eye
   832 | D        | Noticed a shining eye
   832 | D        | Noticed a shining eye
   842 | D        | Killed a shining eye
   842 | D        | Received a gift from Trog
   845 | D        | Killed a shining eye
   846 | D        | Reached XP level 11. HP: 123/123 MP: 19/19
   860 | D        | Found Jath's Armour Shoppe.
   860 | D        | Found Tuk Tuzouch's Antique Weapon Shop.
   860 | D        | Found Buasal's Antique Armour Emporium.
   860 | D        | Found Iczetody's Weapon Boutique.
   866 | D        | Bought a runed orb for 252 gold pieces
   888 | D        | Bought 2 potions of resistance for 260 gold pieces
   888 | D        | Bought a scroll of fog for 52 gold pieces
   888 | D        | Bought a potion of berserk rage for 65 gold pieces
   888 | D        | Bought a scroll of amnesia for 52 gold pieces
   943 | D        | Reached skill level 19 in Unarmed Combat
   963 | D        | Bought a scroll of identify for 28 gold pieces
   963 | D        | Bought a scroll of identify for 28 gold pieces
   963 | D        | Bought a scroll of silence for 133 gold pieces
   996 | D        | Bought a scroll of identify for 20 gold pieces
   996 | D        | Bought a scroll of identify for 20 gold pieces
   996 | D        | Bought a scroll of identify for 20 gold pieces
  1059 | D        | Paralysed by a floating eye for 2 turns
  1067 | D        | Noticed a sixfirhy
  1110 | D        | Received a gift from Trog
  1178 | D        | Noticed a lindwurm
  1184 | D        | Killed a lindwurm
  1185 | D        | Reached skill level 20 in Unarmed Combat
  1248 | D        | Received a gift from Trog
  1284 | D        | Noticed a 12-headed hydra
  1290 | D        | Killed a 17-headed hydra
  1476 | D        | Noticed a lorocyproca
  1477 | D        | Killed from afar by a meliai

Illustrated notes

Levels and vault maps discovered:
D:        dungeon_sprint_1 [red_sonja_temple_1, red_sonja_temple_small_1]

Skill      XL: |  1  2  3  4  5  6  7  8  9 10 11 |
---------------+----------------------------------+-----
Fighting       | 3 4 5 7 8 9 10 11 13 | 13.1
Unarmed Combat | 5 7 9 11 13 15 17 18 20 | 20.9
Invocations    | 2 3 5 7 8 9 11 12 13 | 13.9
Dodging        | |  2.4

Action                     |  1- 3 |  4- 6 |  7- 9 | 10-12 || total
---------------------------+-------+-------+-------+-------++-------
  Melee: Unarmed           |    39 |    16 |    61 |    64 ||   180
         Punch             |     2 |     1 |     6 |       ||     9
         Quarterstaff      |       |       |       |     4 ||     4
 Invoke: Berserk           |       |       |     1 |     2 ||     3
         Brothers in Arms  |       |       |       |     2 ||     2
    Use: Potion            |       |       |     2 |       ||     2
         Scroll            |       |       |       |     8 ||     8
 Armour: Skin              |     2 |       |       |       ||     2
         Animal skin       |       |     1 |    10 |    23 ||    34
  Dodge: Dodged            |    22 |     7 |    28 |    26 ||    83
